 Dungeon Crawl Stone Soup version 0.19.4-9-g45fd643 (webtiles) character file.

1074 vatarom the Blocker (level 8, -9/58 HPs)
             Began as a Formicid Fighter on Feb 21, 2017.
             Was an Initiate of Ru.
             Mangled by an orc warrior
             ... wielding a +0 trident
              (15 damage)
             ... on level 5 of the Dungeon.
             The game lasted 00:11:26 (4199 turns).

vatarom the Blocker (Formicid Fighter)              Turns: 4199, Time: 00:11:26

Health: -9/58      AC: 14    Str: 18 (21) XL:     8   Next: 54%
Magic:  8/8        EV: 16    Int:  6 (9)  God:    Ru [......]
Gold:   365        SH: 11    Dex: 15 (16) Spells: 0 memorised, 7 levels left

rFire  . . .     SeeInvis +     a - +1 long sword
rCold  . . .     Gourm    .     b - +0 scale mail
rNeg   . . .     Faith    .     c - +0 shield
rPois  .         Spirit   .     (helmet unavailable)
rElec  .         Reflect  .     (no cloak)
rCorr  .         Harm     .     d - +1 pair of gloves
MR     .....                    e - +0 pair of boots
Stlth  +.........               (no amulet)
                                (no ring)
                                (no ring)

@: agile
A: permanent stasis, dig shafts and tunnels, four strong arms, antennae 3, claws
1, slimy green scales 1, yellow scales 1, blurry vision 1
a: Dig, Shaft Self, Renounce Religion


You were on level 5 of the Dungeon.
You worshipped Ru.
Ru was noncommittal.
You were not hungry.

You visited 2 branches of the dungeon, and saw 7 of its levels.

You collected 365 gold pieces.

Inventory:

Hand Weapons
 a - a +1 long sword (weapon)
Armour
 b - a +0 scale mail (worn)
 c - a +0 shield (worn)
 d - a +1 pair of gloves (worn)
 e - a +0 pair of boots (worn)
Scrolls
 h - 2 scrolls of identify
 n - a scroll of remove curse
 o - 4 scrolls of recharging
 p - a scroll of teleportation {unknown}
Potions
 i - a potion of cure mutation
Books
 k - a book of Necromancy

   Spells                             Type                      Level
   a - Pain                           Necromancy                   1
   b - Animate Skeleton               Necromancy                   1
   c - Vampiric Draining              Necromancy                   3
   d - Regeneration                   Charms/Necromancy            3
   e - Animate Dead                   Necromancy                   4
   f - Control Undead                 Necromancy                   4
Comestibles
 f - 2 bread rations
 g - 5 meat rations
 j - a royal jelly


   Skills:
 - Level 3.2 Fighting
 - Level 6.0 Long Blades
 - Level 3.2 Armour
 - Level 3.2 Dodging
 + Level 8.5 Shields


You had 7 spell levels left.
You didn't know any spells.

Dungeon Overview and Level Annotations

Branches:
Dungeon (6/15)             Temple (1/1) D:5

Altars:
Ashenzari
Cheibriados
Dithmenos
Elyvilon
Fedhas
Gozag
Hepliaklqana
Makhleb
Nemelex Xobeh
Qazlal
Ru
Sif Muna
Trog
Uskayaw
Xom
Yredelemnul
Zin
The Shining One

Annotations:
D:6 Blork the orc


Innate Abilities, Weirdness & Mutations

You are under a permanent stasis effect.
You can dig through walls and to a lower floor.
Your four strong arms can wield two-handed weapons with a shield.
You have a pair of large antennae on your head. (SInv)
You have sharp fingernails.
You are partially covered in slimy green scales. (AC +2)
You are partially covered in yellow scales. (AC +2)
Scrolls take you a little longer to read.


Message History

[Y]es or [N]o only, please.
Really read with blurry vision while enemies are nearby?
You block the orc warrior's attack.
You begin reading the scroll.
You continue reading the scroll.
As you read the scroll of remove curse, it crumbles to dust.
You feel as if something is helping you.
Drop what? 15/52 slots (_ for help) (? for menu, Esc to quit)
You remove your -3 ring of strength.
You feel stronger. You block the orc warrior's attack.
You drop a -3 ring of strength.
The orc warrior hits you with a trident!
* * * LOW HITPOINT WARNING * * *
You hit the orc warrior.
The orc warrior is almost dead.
The orc warrior hits you but does no damage.
You hit the orc warrior but do no damage.
The orc warrior is almost dead.
The orc warrior hits you with a trident!
You die...

# #.# #...........#.# # #.#
#.#####..##.#.# # #.##### #.#
#..##.#.# #######.....# #.#
#..##.#.#
............#####.#####..##.#.#
#######.###..............##.#.#
#.###.####..#########.#.#
#.#.....##.o# #>#.#
######.#.#.#.##@.# #.#.#
#..........#.##..# #.#.#
#.##.....#)#.##..#########.#.#
#.##.###))...##......[.....#.#
#.##.# #.#(.......##########.#
#.##.###.########.##########.#
#.##.....# #<...........#
##.#####.## ############## ...#
#.#


You could see an orc warrior.

Vanquished Creatures
  Sigmund (D:5)
  Edmund (D:6)
  Duvessa (D:5)
  Purgy (D:3)
  An ogre (D:5)
  Dowan (D:5)
  A scorpion (D:5)
  3 orc wizards (D:4)
  A bullfrog skeleton (D:4)
  A centaur skeleton (D:5)
  Ijyb (D:3)
  2 iguanas
  A worker ant (D:4)
  A howler monkey zombie (D:5)
  4 adders
  3 gnolls (D:6)
  2 worms
  A dart slug (D:3)
  3 leopard geckos
  16 orcs
  3 giant cockroaches
  14 goblins
  5 hobgoblins
  5 jackals
  A quokka (D:3)
  A ball python (D:4)
  2 bats
  3 frilled lizards (D:1)
  10 kobolds
  A leopard gecko skeleton (D:5)
  8 rats
99 creatures vanquished.

Notes
Turn   | Place    | Note
-------+----------+-------------------------------------------
     0 | D:1      | vatarom the Formicid Fighter began the quest for the Orb.
     0 | D:1      | Reached XP level 1. HP: 18/18 MP: 1/1
    51 | D:1      | Gained mutation: You have sharp fingernails. [potion of mutation]
    51 | D:1      | Gained mutation: You are partially covered in yellow scales. (AC +2) [potion of mutation]
    51 | D:1      | Gained mutation: You are robust. (+10% HP) [potion of mutation]
    72 | D:1      | Reached skill level 1 in Dodging
    87 | D:1      | Reached XP level 2. HP: 21/26 MP: 2/2
   470 | D:1      | Reached XP level 3. HP: 31/31 MP: 3/3
  1509 | D:3      | Reached XP level 4. HP: 22/38 MP: 4/4
  1988 | D:3      | Noticed Purgy
  2025 | D:3      | Killed Purgy
  2025 | D:3      | Reached skill level 4 in Shields
  2025 | D:3      | Reached XP level 5. HP: 34/45 MP: 5/5
  2145 | D:3      | Noticed Ijyb
  2164 | D:3      | Killed Ijyb
  2164 | D:3      | Reached XP level 6. HP: 49/51 MP: 6/6
  2526 | D:4      | Found a shadowy altar of Dithmenos.
  2568 | D:4      | Lost mutation: You are robust. (+10% HP) [potion of mutation]
  2568 | D:4      | Gained mutation: You are partially covered in slimy green scales. (AC +2) [potion of mutation]
  2568 | D:4      | Gained mutation: Scrolls take you a little longer to read. [potion of mutation]
  2637 | D:4      | Reached skill level 5 in Long Blades
  2644 | D:4      | Reached XP level 7. HP: 24/52 MP: 7/7
  2829 | D:4      | Found a snail-covered altar of Cheibriados.
  3078 | D:5      | Entered Level 5 of the Dungeon
  3103 | D:5      | Found a staircase to the Ecumenical Temple.
  3111 | Temple   | Entered the Ecumenical Temple
  3264 | Temple   | Became a worshipper of Ru the Awakened
  3608 | D:5      | Noticed Sigmund
  3629 | D:5      | Killed Sigmund
  3629 | D:5      | Reached skill level 6 in Shields
  3663 | D:5      | Reached XP level 8. HP: 57/58 MP: 8/8
  3787 | D:5      | Noticed Duvessa
  3788 | D:5      | Noticed Dowan
  3800 | D:5      | Killed Duvessa
  3800 | D:5      | Reached skill level 7 in Shields
  3836 | D:5      | Killed Dowan
  4090 | D:6      | Noticed Edmund
  4122 | D:6      | Killed Edmund
  4122 | D:6      | Reached skill level 8 in Shields
  4175 | D:6      | Noticed Blork the orc
  4199 | D:5      | Mangled by an orc warrior

Skill      XL: |  1  2  3  4  5  6  7  8 |
---------------+-------------------------+-----
Dodging        | 1 2 3 |  3.2
Long Blades    | 3 5 6 |  6.0
Shields        | 4 6 8 |  8.5
Fighting       | |  3.2
Armour         | |  3.2

Action                   |  1- 3 |  4- 6 |  7- 9 || total
-------------------------+-------+-------+-------++-------
Melee: Long sword        |   113 |   157 |   185 ||   455
 Abil: Dig               |     3 |     5 |     3 ||    11
  Use: Scroll            |     5 |     4 |     2 ||    11
       Potion            |     3 |     4 |     4 ||    11
  Eat: Chunk             |     1 |     2 |     2 ||     5
       Bread ration      |       |     1 |     1 ||     2
Armor: Scale mail        |    35 |   118 |    63 ||   216
Dodge: Dodged            |    37 |    75 |    55 ||   167
Block: Shield            |    55 |   103 |    91 ||   249
       Rpst.: Long sword |    11 |    16 |    23 ||    50
